 Dungeon Crawl Stone Soup version 0.31-a0-1405-g2bb1a01664 (webtiles) character file.

Game seed: 16408609479894415506

35466 avis the Mimic (level 13, -3/63 HPs)
             Began as a Felid Shapeshifter on Dec 22, 2023.
             Was an Initiate of Gozag.
             Killed from afar by an oklob plant (15 damage)
             ... with a splash of acid
             ... on level 4 of the Lair of Beasts on Dec 25, 2023.
             The game lasted 02:44:01 (22621 turns).

avis the Mimic (Felid Shapeshifter)                Turns: 22621, Time: 02:44:01

Health: -3/63      AC: -2    Str: 16    XL:     13   Next: 47%
Magic:  19/30      EV: 46    Int: 20    God:    Gozag
Gold:   1420       SH:  0    Dex: 27    Spells: 12/22 levels left
                                        Lives:  0   Deaths: 5

rFire   . .          .
                       - Unarmed
rCold   + . .        (shield unavailable)
rNeg    . . .        (body armour unavailable)
rPois   +            (helmet unavailable)
rElec   .            (cloak unavailable)
rCorr   +            (gloves unavailable)
SInv    +            (boots unavailable)
Will    +....        c - amulet of Dim Light {Acrobat Str+6}
Stlth   ++           A - ring of Acanof {MP+9 Dex+3}
HPRegen 0.30/turn    b - ring "Xipn" {rPois rCorr Int+3 Dex+6}
MPRegen 0.22/turn

%: random rage (3%), acrobat
@: ice-armoured, blade hands, corroded, gold aura, acrobatic
A: very small, (claws 1), fangs 3, see invisible, shaggy fur 3, (stealthy paws),
no weapons or thrown items, no armour, multi-lived, berserk 1
a: Begin Untransformation, Renounce Religion, Potion Petition, Call Merchant,
Bribe Branch


You were on level 4 of the Lair of Beasts.
You worshipped Gozag.
Gozag was most pleased with you.
You had blades for front paws.
You visited 3 branches of the dungeon, and saw 17 of its levels.
You also visited: Volcano.

You collected 3621 gold pieces.
You spent 1630 gold pieces at shops.
You paid 571 gold pieces to Gozag.

Inventory:

Jewellery
 b - the ring "Xipn" (right blade hand) {rPois rCorr Int+3 Dex+6}
   (You bought it in a shop on level 1 of the Lair of Beasts)

   [ring of dexterity]

   Int+3:     It affects your intelligence (+3).
   Dex+6:     It affects your dexterity (+6).
   rPois:     It protects you from poison rCorr: It protects you from acid and
   corrosion.
 c - the amulet of Dim Light (around neck) {Acrobat Str+6}
   (You bought it in a shop on level 1 of the Lair of Beasts)

   [amulet of the acrobat]

   Acrobat:   It increases your evasion while moving and waiting.
   Str+6:     It affects your strength (+6).
 A - the ring of Acanof (left blade hand) {MP+9 Dex+3}
   (You found it on level 2 of the Lair of Beasts)

   [ring of magical power]

   Dex+3:     It affects your dexterity (+3).
   MP+9:      It affects your magic capacity (+9).
Talismans
 l - a blade talisman (active)
Wands
 a - a wand of flame (16)
 g - a wand of polymorph (3)
 n - a wand of charming (40)
 p - a wand of mindburst (14)
 w - a wand of iceblast (8)
Scrolls
 d - a scroll of revelation
 e - 4 scrolls of poison
 h - 2 scrolls of teleportation
 m - 2 scrolls of fear
 y - a scroll of butterflies
Potions
 f - a potion of attraction
 i - 5 potions of curing
 j - a potion of magic {unknown}
 u - 2 potions of might
 v - 2 potions of haste
Miscellaneous
 r - a tin of tremorstones (2/2)
 B - a phial of floods


   Skills:
 - Level 5.0 Fighting
 - Level 12.0 Dodging
 - Level 5.0 Unarmed Combat
 - Level 5.0 Spellcasting
 - Level 5.0 Hexes
 - Level 10.0 Summonings
 - Level 5.0 Ice Magic
 - Level 7.0 Air Magic
 * Level 12.3 Shapeshifting


You had 12 spell levels left.
You knew the following spells:

 Your Spells              Type           Power      Damage    Failure   Level
g - Summon Guardian Gole  Hex/Summ       35%        N/A       1%          3
l - Summon Lightning Spi  Summ/Air       39%        N/A       3%          4
o - Ozocubu's Armour      Ice            25%        N/A       4%          3

Your spell library contained the following spells:

 Spells                   Type           Power      Damage    Failure   Level
 Static Discharge         Conj/Air       38%        3-5/arc   4%          2
 Airstrike                Air            16%        2d(3-19)  6%          4
 Metabolic Englaciation   Hex/Ice        12%        N/A       38%         5
 Orb of Destruction       Conj           2%         9d5       100%        7
 Spellforged Servitor     Conj/Summ      12%        N/A       100%        7
 Simulacrum               Ice/Necr       Unusable   N/A       N/A         6

Dungeon Overview and Level Annotations

Branches:
Dungeon (12/15)            Temple (1/1) D:7            Lair (4/5) D:9
 Shoals (0/4) Lair:3       Spider (0/4) Lair:2        Slime (0/5) Lair:4
Volcano (visited)
    Orc: D:9-12

Altars:
Ashenzari
Cheibriados
Dithmenos
Elyvilon
Fedhas
Gozag
Hepliaklqana
Kikubaaqudgha
Makhleb
Nemelex Xobeh
Okawaru
Qazlal
Ru
Sif Muna
Trog
Uskayaw
Vehumet
Wu Jian
Xom
Yredelemnul
Zin
The Shining One
Jiyva

Shops:
Lair:1 =

Annotations:
D:12 Rupert
Lair:4 exclusion: 2 oklob plants


Innate Abilities, Weirdness & Mutations

You have blades for front paws.
((You have sharp claws.))
You have razor-sharp teeth.
You have supernaturally acute eyesight. (SInv)
Your thick and shaggy fur keeps you warm. (AC +3, rC+)
((Your paws help you pounce on unaware monsters.))
You are incapable of wielding weapons or throwing items.
You cannot wear armour.
You gain extra lives every three experience levels.
You sometimes lose your temper in combat.


Message History

The splash of acid hits your guardian golem!!
Flame seeps out of your guardian golem.
Your guardian golem is engulfed in blazing flames.
Your guardian golem disappears in a puff of smoke!
Your guardian golem explodes!
The fiery explosion engulfs the cane toad!
You hear a bellow! x2
Casting: Summon Guardian Golem (safe; 1% risk of failure)
Confirm with . or Enter, or press ? or * to list all spells.
A guardian golem appears, shielding your allies.
The cane toad is engulfed in blazing flames.
Your lightning spire shoots out a bolt of lightning at the oklob plant!
The bolt of electricity hits the cane toad!
The cane toad dies!
The bolt of electricity hits the oklob plant!
What are your orders? t - Meow!
Orders for allies: a - Attack new target. p - Attack previous target. r - Retreat! s - Stop attacking. g - Guard the area. f - Follow me.
Anything else - Cancel.
Gang up on whom?
Press: ? - help, Dir - move target, f/p - oklob plant
Aim: an oklob plant (lightly damaged, ally target) Attack!
The oklob plant spits acid at you.
The splash of acid hits your guardian golem!!
A yak comes into view.
Your lightning spire shoots out a bolt of lightning at the oklob plant!
The bolt of electricity hits the oklob plant!
The oklob plant spits acid at you. The splash of acid hits you! You resist.
The oklob plant spits acid at you. The splash of acid hits you! You resist.
* * * LOW HITPOINT WARNING * * *
The acid corrodes you! The oklob plant spits acid at you.
The splash of acid hits you! You resist.
You die...
Your body crumbles into a pile of gold.

.(..... ...P...
...>_..## ####
..P.☼§..#####.#.#
...§.§.......#.#
...§9§....<.#..###
.................#
.......<.$..#P..###
.P......8@..P.....#
.?#.#......[.....#
# ##..#.#......#.
##.#...>........
####...Y......>
###....>....
##........
.......P. .♣..P..#.


You could see 2 oklob plants, a yak, a friendly guardian golem (summoned) and a
friendly lightning spire (summoned, sheltered).

Vanquished Creatures
  An ice dragon (Lair:2)
  A hydra (Lair:1)
  Nergalle (Lair:2)
  An ugly thing (D:11)
  8 elephants
  A torpor snail (Lair:1)
  5 cane toads
  3 komodo dragons
  Jeremiah (D:8)
  2 rime drakes (Lair:1)
  2 kobold demonologists (D:10)
  4 trolls
  A hornet (D:9)
  A polar bear (Lair:2)
  A blink frog (Lair:1)
  Grinder (D:3)
  3 dream sheep (Lair:1)
  Sigmund (D:5)
  A jumping spider (Lair:2)
  A shadow (D:11)
  20 yaks
  3 basilisks
  A culicivora (Lair:2)
  3 wyverns
  Eustachio (D:4)
  2 steam dragons (D:8)
  A fire elemental (Lair:1)
  A harpy simulacrum (Lair:2)
  2 acid dragons
  11 water moccasins
  2 orc warriors
  4 black bears
  A sky beast (D:6)
  3 ogres
  15 wolves
  7 centaurs
  2 kobold brigands (D:7)
  Blork the orc (D:4)
  10 bullfrogs
  3 necrophages (D:4)
  A scorpion (D:6)
  A gnoll sergeant (D:9)
  9 wights (D:8)
  5 killer bees (D:9)
  3 howler monkeys (D:10)
  3 electric eels (D:9)
  5 hounds
  5 orc priests
  5 jellies
  A sleepcap (D:5)
  5 iguanas
  A scorpion zombie (D:4)
  6 orc wizards
  2 troll simulacra (Lair:2)
  A hound zombie (D:4)
  A howler monkey zombie (D:4)
  11 gnolls
  10 adders
  4 shadow imps
  5 bombardier beetles
  2 ufetubi (D:5)
  An adder zombie (D:4)
  A worm (D:2)
  3 dart slugs
  21 orcs
  8 ball pythons
  2 bats (D:3)
  7 endoplasms
  3 giant cockroaches
  11 goblins
  2 hobgoblins (D:2)
  4 jackals
  19 kobolds
  4 quokkas
  A frilled lizard (D:2)
  A quokka zombie (D:4)
  2 rats
309 creatures vanquished.

Vanquished Creatures (collateral kills)
  A death yak (Lair:2)
  Amaemon (Lair:2)
  2 lindwurms
  2 elephants (Lair:2)
  3 cane toads
  A polar bear (Lair:2)
  5 yaks
  3 centaurs
  A wolf (Lair:2)
  A killer bee (D:9)
  A naga simulacrum (Lair:2)
21 creatures vanquished.

Vanquished Creatures (others)
  Harold (Lair:2)
  A boulder beetle (Lair:1)
  2 two-headed ogres (D:10)
  A cyclops (D:11)
  2 elephants
  A gargoyle (D:11)
  A cane toad (Lair:1)
  A black mamba (Lair:1)
  An orange demon (Lair:2)
  A komodo dragon (Lair:2)
  A rime drake (Lair:1)
  An ice devil (Lair:2)
  A dream sheep (Lair:1)
  A ynoxinul (D:11)
  10 yaks
  A basilisk (Lair:2)
  2 vampire mosquitoes (D:11)
  A water moccasin (Lair:1)
  2 orc warriors (D:11)
  2 wolves (Lair:2)
  A centaur (D:11)
  A gnoll sergeant (D:10)
  A cane toad simulacrum (Lair:2)
  2 howler monkeys (D:11)
  2 orc priests
  2 orc wizards
  5 gnolls (D:10)
  5 orcs
53 creatures vanquished.

Grand Total: 383 creatures vanquished

Notes
Turn   | Place    | Note
-------+----------+-------------------------------------------
     0 | D:1      | avis the Felid Shapeshifter began the quest for the Orb.
     0 | D:1      | Reached XP level 1. HP: 10/10 MP: 2/2
   194 | D:1      | Reached XP level 2. HP: 9/14 MP: 3/3
   684 | D:2      | Reached XP level 3. HP: 18/18 MP: 4/4
  1126 | D:2      | Found a shimmering blue altar of Sif Muna.
  1335 | D:2      | Reached XP level 4. HP: 16/22 MP: 5/5
  1744 | D:3      | Found a faded altar of an unknown god.
  1820 | D:3      | Reached skill level 5 in Shapeshifting
  1820 | D:3      | Reached XP level 5. HP: 25/25 MP: 6/6
  2064 | D:3      | Noticed Grinder
  2080 | D:3      | Killed Grinder
  2081 | D:3      | Gained mutation: You are covered in thick fur. (AC +2)
                  | [Felid growth]
  2081 | D:3      | Reached XP level 6. HP: 30/30 MP: 7/7
  2664 | D:4      | Noticed Eustachio
  2739 | D:4      | Killed from afar by a white imp
  2835 | D:4      | Killed Eustachio
  2836 | D:4      | Reached XP level 7. HP: 32/33 MP: 8/8
  2868 | D:4      | Found a blossoming altar of Fedhas.
  3056 | D:4      | Found a basalt altar of Yredelemnul.
  3073 | D:4      | Found a burning altar of Makhleb.
  3456 | D:4      | Found a bloodstained altar of Trog.
  3460 | D:4      | Found a radiant altar of Vehumet.
  3461 | D:4      | Found an ancient bone altar of Kikubaaqudgha.
  3704 | D:4      | Reached skill level 5 in Dodging
  3776 | D:5      | Entered Level 5 of the Dungeon
  3907 | D:5      | Noticed Sigmund
  3917 | D:5      | Killed Sigmund
  3918 | D:5      | Reached XP level 8. HP: 26/40 MP: 9/9
  3918 | D:5      | Upgraded the game from 0.31-a0-1338-gb567cfdca4 to
                  | 0.31-a0-1405-g2bb1a01664
  4135 | D:4      | Learned a level 3 spell: Ozocubu's Armour
  4393 | D:4      | Reached skill level 1 in Spellcasting
  4393 | D:4      | Reached skill level 1 in Ice Magic
  4616 | D:5      | Found a sparkling altar of Nemelex Xobeh.
  4617 | D:5      | Found an opulent altar of Gozag.
  4646 | D:5      | Became a worshipper of Gozag Ym Sagoz the Greedy
  4713 | D:5      | Noticed Blork the orc
  4760 | D:4      | Killed Blork the orc
  5734 | D:6      | Reached XP level 9. HP: 40/44 MP: 10/13
  6092 | D:5      | Reached skill level 5 in Ice Magic
  6538 | D:6      | Learned a level 3 spell: Summon Guardian Golem
  7071 | D:7      | Found a staircase to the Ecumenical Temple.
  7080 | Temple   | Entered the Ecumenical Temple
  7623 | D:7      | Reached skill level 5 in Fighting
  7936 | D:8      | Reached skill level 5 in Unarmed Combat
  8322 | D:8      | Noticed Jeremiah
  8697 | D:8      | Reached XP level 10. HP: 50/51 MP: 14/14
  9275 | D:8      | Killed Jeremiah
  9749 | D:9      | Found a staircase to the Lair.
  9922 | D:9      | Reached skill level 10 in Shapeshifting
  9923 | D:9      | Reached skill level 1 in Hexes
  9923 | D:9      | Reached skill level 1 in Summonings
 10409 | D:9      | Found a shimmering blue altar of Sif Muna.
 10858 | D:10     | Entered Level 10 of the Dungeon
 10918 | D:10     | Noticed a two-headed ogre
 11019 | D:10     | Noticed a two-headed ogre
 11027 | D:10     | HP: 1/51 [two-headed ogre/+0 giant spiked club (21)]
 11029 | D:10     | Demolished by a two-headed ogre
 11029 | D:10     | Lost a life (1 life remaining)
 11134 | D:10     | Killed a two-headed ogre
 11275 | D:10     | Killed a two-headed ogre
 11276 | D:10     | Reached XP level 11. HP: 55/55 MP: 6/16
 11276 | D:10     | Gained a life (2 lives remaining)
 11413 | D:10     | Reached skill level 5 in Hexes
 11413 | D:10     | Reached skill level 5 in Summonings
 11529 | D:10     | Learned a level 4 spell: Summon Lightning Spire
 11629 | D:10     | Reached skill level 1 in Air Magic
 12100 | D:10     | Gained mutation: You sometimes lose your temper in combat.
                  | [a neqoxec]
 12967 | D:11     | Noticed a purple ugly thing
 12987 | D:11     | Killed a purple ugly thing
 13816 | D:12     | Noticed Rupert
 13966 | Lair:1   | Entered Level 1 of the Lair of Beasts
 13982 | Lair:1   | Noticed a boulder beetle
 14027 | Lair:1   | Killed a boulder beetle
 14028 | Lair:1   | Reached skill level 5 in Air Magic
 14407 | Lair:1   | Found a dark tunnel.
 14410 | Lair:1   | Noticed a lindwurm
 14419 | Lair:1   | Killed a lindwurm
 14420 | Lair:1   | Reached skill level 5 in Spellcasting
 14495 | Volcano  | Entered a volcano
 15005 | Lair:1   | Gained mutation: Your thick and shaggy fur keeps you warm.
                  | (AC +3, rC+) [Felid growth]
 15005 | Lair:1   | Reached XP level 12. HP: 36/60 MP: 10/20
 15348 | Lair:1   | Noticed a seven-headed hydra
 15361 | Lair:1   | Killed a seven-headed hydra
 16300 | Lair:2   | Noticed Nergalle
 16300 | Lair:2   | Found a hole to the Spider Nest.
 16311 | Lair:2   | Killed Nergalle
 16498 | Lair:2   | Noticed Harold
 16520 | Lair:2   | Killed Harold
 16586 | Lair:2   | Reached skill level 10 in Dodging
 16967 | Lair:2   | Noticed Amaemon
 17000 | Lair:2   | Killed Amaemon
 17237 | Lair:2   | Mangled by an elephant
 17237 | Lair:2   | Lost a life (1 life remaining)
 17238 | Lair:2   | Noticed a death yak
 17238 | Lair:2   | Noticed an ice dragon
 17261 | Lair:2   | Demolished by an elephant
 17261 | Lair:2   | Lost a life (0 lives remaining)
 18059 | Lair:2   | Killed an ice dragon
 18655 | Lair:2   | Killed a death yak
 18656 | Lair:2   | Reached XP level 13. HP: 17/63 MP: 12/21
 18656 | Lair:2   | Gained a life (1 life remaining)
 18668 | Lair:2   | Identified the ring of Acanof {MP+9 Dex+3}
 19526 | Lair:1   | Bought the ring "Xipn" {rPois rCorr Int+3 Dex+6} for 886
                  | gold pieces
 19536 | Lair:1   | Bought the amulet of Dim Light {Acrobat Str+6} for 744 gold
                  | pieces
 19574 | Lair:2   | Reached skill level 10 in Summonings
 19888 | Lair:3   | Found a staircase to the Shoals.
 20372 | Lair:3   | Mangled by a cane toad
 20372 | Lair:3   | Lost a life (0 lives remaining)
 22407 | Lair:4   | Found a viscous altar of Jiyva.
 22407 | Lair:4   | Found a staircase to the Slime Pits.
 22621 | Lair:4   | Killed from afar by an oklob plant

Illustrated notes

Levels and vault maps discovered:
D:1:      eino_arrival_cavern_d, layout_rooms, chequers_avenue
D:2:      kennysheep_big_flooded_room, layout_rooms, basic_altar
D:3:      layout_rooms, basic_ecumenical_altar, serial_bayou,
          serial_bayou_pond_b, serial_bayou_ford_a, serial_bayou_pond_c,
          serial_bayou_pond_d, uniq_grinder
D:4:      layout_loops_ring, fedhas_altar_decomposition,
          nicolae_overflow_hidden_temple, serial_aquarium,
          aquarium_bridge_square [aquarium_subvault_wall,
          aquarium_subvault_bridge, aquarium_subvault_balcony,
          aquarium_subvault_wall], aquarium_window_fake, aquarium_window_3,
          aquarium_window_fake, aquarium_view_2c, aquarium_view_2g,
          aquarium_balcony_5a, uniq_eustachio
D:5:      layout_rooms, grunt_temple_overflow_opulence, uniq_sigmund,
          uniq_blork_the_orc
D:6:      layout_basic, minmay_misc_feat_columns
D:7:      layout_cave_pods, minmay_temple_entry_poolview
D:8:      layout_basic, uniq_jeremiah
D:9:      layout_gridville, overflow_temple_1_default, erik_lair_island
D:10:     layout_loops_cross, hangedman_decor_diamond_cutter
D:11:     layout_roguey
D:12:     layout_cave_pools, orc_0_dummy, drop_trap, minmay_holes, uniq_rupert
Temple:   nicolae_temple_bog_church
Lair:1:   wad_woods_04, layout_loops_ring, nicolae_volcano_entry_vermiform,
          minmay_shattered_shrine
Lair:2:   dreamdust_isle_of_ice, layout_loops_ring,
          spider_nest_entry_funnel_web, minmay_hedge_maze, uniq_amaemon,
          uniq_nergalle, uniq_harold
Lair:3:   layout_chaotic_city, shoals_dummy_entry,
          chequers_serial_rivers_small_3, beast_lair_carwin_10,
          serial_bayou_shore_b
Lair:4:   layout_cave_shapes, minmay_slime_entry_oklob_open, serial_bayou,
          serial_bayou_pond_a, serial_bayou_pond_b, serial_bayou_pond_c,
          serial_bayou_lagoon_a, serial_bayou_shore_b, special_room
          [special_room_mythical_zoo]

Skill      XL: |  1  2  3  4  5  6  7  8  9 10 11 12 13 |
---------------+----------------------------------------+-----
Shapeshifting  | 3 4 5 6 7 8 10 12 | 12.3
Fighting       | 3 5 |  5.0
Dodging        | 6 9 12 | 12.0
Spellcasting   | 2 5 |  5.0
Ice Magic      | 4 5 |  5.0
Unarmed Combat | 5 |  5.0
Hexes          | 4 5 |  5.0
Summonings     | 4 7 9 10 | 10.0
Air Magic      | 6 7 |  7.0

Action                     |  1- 3 |  4- 6 |  7- 9 | 10-12 | 13-15 || total
---------------------------+-------+-------+-------+-------+-------++-------
  Melee: Unarmed           |    88 |   111 |   469 |   382 |   182 ||  1232
         Bite              |     6 |    11 |    79 |    54 |    24 ||   174
         Punch             |       |     2 |       |    19 |    12 ||    33
   Cast: Ozocubu's Armour  |       |       |    30 |    66 |    26 ||   122
         Summon Guardian G |       |       |       |    61 |     5 ||    66
         Summon Lightning  |       |       |       |    16 |    12 ||    28
 Invoke: Call Merchant     |       |       |       |       |     1 ||     1
  Evoke: Wand              |       |       |     8 |    39 |       ||    47
    Use: Scroll            |     6 |     2 |     6 |     6 |     3 ||    23
         Potion            |       |     2 |     4 |     2 |     2 ||    10
   Stab: Sleeping          |     3 |       |       |     2 |       ||     5
         Distracted        |       |       |       |     2 |       ||     2
 Armour: Skin              |    21 |    28 |    93 |   134 |   104 ||   380
  Dodge: Dodged            |    41 |   110 |   442 |   471 |   574 ||  1638
  Block: Other             |       |       |    22 |    96 |       ||   118
         Reflection        |       |       |     4 |     3 |       ||     7
   Form: Flux              |       |     1 |       |       |       ||     1
         Blade             |       |       |       |     1 |       ||     1

Table legend: (Time is in decaauts)
 A = Elapsed time spent in this place.
 B = Non-inter-level travel time spent in this place.
 C = Inter-level travel time spent in this place.
 D = Time resting spent in this place.
 E = Time spent auto-exploring this place.
 F = Levels seen in this place.
 G = Mean time per level.
                   A        B        C        D        E       F      G
               +--------+--------+--------+--------+--------+-----+--------+
         Total |  22757 |  20473 |   2284 |   7012 |   6916 |  18 | 1264.3 |
       Dungeon |  14126 |  12510 |   1616 |   3662 |   4552 |  12 | 1177.2 |
        Temple |     16 |     14 |      2 |      0 |      0 |   1 |   16.0 |
          Lair |   8588 |   7923 |    665 |   3349 |   2363 |   4 | 2147.0 |
       Volcano |     25 |     25 |      0 |      0 |      0 |   1 |   25.0 |
               +--------+--------+--------+--------+--------+-----+--------+

Top non-repeatable levels by time:
  Lair:1: 3503 daAuts
  Lair:2: 3496 daAuts
     D:4: 1764 daAuts
     D:9: 1648 daAuts
    D:10: 1509 daAuts
    D:11: 1446 daAuts
  Lair:3: 1437 daAuts
     D:8: 1405 daAuts
     D:7: 1360 daAuts
     D:5: 1334 daAuts
     D:6: 1045 daAuts
     D:3: 1039 daAuts
     D:1: 854 daAuts
     D:2: 698 daAuts
  Lair:4: 151 daAuts
